 Dungeon Crawl Stone Soup version 0.29.1-12-g30fa7ad0bf (webtiles) character file.

Game seed: 1225489350337501297

2315 croobank the Sneak (level 9, -6/68 HPs)
             Began as a Demonspawn Delver on Jan 3, 2023.
             Mangled by an orc warrior
             ... wielding a +0 great mace
              (19 damage)
             ... on level 9 of the Dungeon.
             The game lasted 00:35:18 (11483 turns).

croobank the Sneak (Demonspawn Delver)             Turns: 11483, Time: 00:35:18

Health: -6/68      AC:  7    Str: 13    XL:     9   Next: 18%
Magic:  0/16       EV: 14    Int: 16    God:
Gold:   408        SH:  0    Dex: 20    Spells: 16/17 levels left

rFire   . . .      SeeInvis .   a - +0 hand axe (venom)
rCold   + . .      Faith    .   (no shield)
rNeg    . . .      Spirit   +   B - +0 leather armour
rPois   .          Reflect  .   (helmet restricted)
rElec   .          Harm     .   n - +1 cloak
rCorr   .          Rampage  .   y - +1 pair of gloves
Will    .....                   (no boots)
Stlth   +++.......              w - amulet of magic regeneration
HPRegen 0.21/turn               r - ring of protection from cold
MPRegen 0.70/turn               A - +6 ring of dexterity

@: no status effects
A: horns 1, ignite blood 1, magic shield, magic regeneration
a: no special abilities


You were on level 9 of the Dungeon.
You visited 2 branches of the dungeon, and saw 10 of its levels.

You collected 408 gold pieces.

Inventory:

Hand Weapons
 a - a +0 hand axe of venom (weapon)
 b - the +10 sling of the Warrior {speed, *Slow rPois rC- SInv}
   (You found it on level 7 of the Dungeon)

   Attacks with this weapon are significantly faster.
   rC:        It makes you vulnerable to cold.
   rPois:     It protects you from poison.
   SInv:      It lets you see invisible.
   *Slow:     It may slow you when you take damage.
 e - a +3 war axe of flaming
 j - a +0 rapier
 v - a +2 dagger of freezing
Missiles
 f - 2 atropa-tipped darts
 t - 31 poisoned darts (quivered)
 x - a boomerang
 F - 2 throwing nets
Armour
 n - a +1 cloak (worn)
 s - a +0 ring mail
 y - a +1 pair of gloves (worn)
 B - a +0 leather armour (worn)
Magical Staves
 z - a staff of death
Jewellery
 r - a ring of protection from cold (left hand)
 w - an amulet of magic regeneration (around neck)
 A - a +6 ring of dexterity (right hand)
 E - a ring of ice
Wands
 g - a wand of digging (3)
Scrolls
 c - 2 scrolls of fog
 d - 6 scrolls of teleportation
 i - 2 scrolls of identify
 l - 2 scrolls of magic mapping
 o - 2 scrolls of noise
 u - 2 scrolls of immolation {unknown}
 C - a scroll of amnesia {unknown}
Potions
 k - 2 potions of brilliance
 m - 6 potions of curing
 p - a potion of mutation
 q - a potion of flight
 D - a potion of lignification {unknown}


   Skills:
 + Level 5.5 Fighting
 + Level 4.6 Axes
 + Level 4.5 Dodging
 + Level 6.6 Stealth
 * Level 4.8 Spellcasting
 * Level 5.3 Hexes


You had 16 spell levels left.
You knew the following spells:

 Your Spells              Type           Power      Damage    Failure   Level
a - Slow                  Hex            84%        N/A       2%          1

Your spell library contained the following spells:

 Spells                   Type           Power      Damage    Failure   Level
 Confusing Touch          Hex            21%        N/A       6%          3
 Ensorcelled Hibernation  Hex/Ice        24%        N/A       10%         2
 Summon Guardian Golem    Hex/Summ       12%        N/A       21%         3
 Blink                    Tloc           6%         N/A       30%         2
 Passwall                 Tmut/Erth      2%         N/A       30%         2
 Poisonous Vapours        Pois/Air       6%         N/A       30%         2
 Scorch                   Fire           6%         2d5       30%         2
 Gell's Gravitas          Tloc           3%         N/A       52%         3
 Lesser Beckoning         Tloc           3%         N/A       52%         3
 Ozocubu's Armour         Ice            3%         N/A       52%         3
 Swiftness                Air            3%         N/A       52%         3
 Teleport Other           Tloc           3%         N/A       52%         3
 Vampiric Draining        Necr           3%         2d6       52%         3
 Corpse Rot               Necr/Pois/Air  3%         N/A       89%         4
 Flame Wave               Conj/Fire      3%         2d5       89%         4
 Manifold Assault         Tloc           3%         N/A       99%         5
 Summon Cactus Giant      Summ           1%         N/A       100%        6
 Orb of Destruction       Conj           1%         9d5       100%        7
 Ozocubu's Refrigeration  Ice            1%         4d7       100%        7
 Spellforged Servitor     Conj/Summ      1%         N/A       100%        7


Dungeon Overview and Level Annotations

Branches:
Dungeon (9/15)             Temple (1/1) D:5
   Lair: D:8-11         Orc: D:9-12

Altars:
Cheibriados
Dithmenos
Gozag
Kikubaaqudgha
Makhleb
Nemelex Xobeh
Okawaru
Qazlal
Ru
Sif Muna
Uskayaw
Vehumet
Wu Jian
Xom
Yredelemnul

Shops:
D:4 :

Annotations:
D:3 Ijyb
D:5 2 transporters, Tiocfaidh's ghost, novice HuCj
D:6 3 runed translucent doors, Rilik's ghost, novice TrFi


Innate Abilities, Weirdness & Mutations

You have a pair of small horns on your head.
Your demonic aura sometimes causes spilled blood to erupt in flames.
When hurt, damage is shared between your health and your magic reserves.
You regenerate magic rapidly.


Message History

Beogh smites you!
The orc throws a stone.
The stone closely misses you.
The orc warrior shoots a bolt.
The bolt barely misses you.
Things that are here:
a +0 morningstar; a +0 ring mail; an orc corpse You hit the orc.
The orc is severely wounded.
The orc drinks a potion.
The orc is healed!
You slash the orc!
You kill the orc!
The orc warrior shoots a bolt.
The bolt hits you!
The orc priest miscasts a cantrip.
There is a stone staircase leading down here.
The orc priest barely misses you.
The orc priest hits you with a +0 hand axe.
Things that are here:
a +0 morningstar; a +0 ring mail; an orc corpse You hit the orc priest.
The orc priest is poisoned.
The orc priest is moderately wounded.
You hit the orc priest but do no damage.
The orc warrior shoots a bolt.
The bolt hits you!
The orc priest hits you with a +0 dagger.
The orc priest mumbles some strange prayers to Beogh against you.
Beogh smites you!
* * * LOW HITPOINT WARNING * * *
The orc priest attacks as you move away!
The orc priest hits you but does no damage.
The orc priest invokes the aid of Beogh against you.
Beogh smites you!
* * * LOW HITPOINT WARNING * * *
There is a stone staircase leading down here.
The orc warrior unwields a +0 arbalest.
The orc warrior wields a +0 great mace.
The orc warrior closely misses you.
The orc priest miscasts a cantrip.
You climb downwards.
There is a stone staircase leading up here.
Okay, then.
As you read the scroll of identify, it crumbles to dust.
q - a potion of flight The orc warrior hits you with a +0 great mace!!
You die...

####
#.@#
#o.#
#..#
#..#
#..#
#..#
....
....


You could see an orc warrior.

Vanquished Creatures
  A steam dragon (D:6)
  2 sky beasts (D:7)
  An ice beast (D:8)
  An ogre (D:6)
  A kobold brigand (D:7)
  5 bullfrogs
  6 scorpions (D:6)
  A necrophage (D:7)
  5 killer bees
  A howler monkey (D:8)
  A centaur zombie (D:6)
  4 hounds
  2 jellies
  A gnoll bouda (D:6)
  4 iguanas
  2 orc wizards (D:6)
  A howler monkey zombie (D:6)
  8 gnolls
  9 adders
  2 white imps
  An ufetubus (D:6)
  3 worms (D:2)
  2 dart slugs (D:1)
  4 orcs
  6 endoplasms
  11 giant cockroaches
  7 goblins
  6 hobgoblins
  9 jackals
  13 kobolds
  3 quokkas
  8 ball pythons
  8 bats
  3 frilled lizards
  5 rats
  3 butterflies (D:6)
150 creatures vanquished.

Vanquished Creatures (collateral kills)
  A scorpion (D:5)
  3 jackals (D:5)
  A quokka (D:5)
5 creatures vanquished.

Vanquished Creatures (others)
  A demonic plant (D:1)
  4 fungi (D:1)
  24 plants
  11 toadstools (D:3)
40 creatures vanquished.

Grand Total: 195 creatures vanquished

Notes
Turn   | Place    | Note
-------+----------+-------------------------------------------
     0 | D:5      | croobank the Demonspawn Delver began the quest for the Orb.
     0 | D:5      | Reached XP level 1. HP: 18/18 MP: 1/1
    30 | D:5      | Noticed an orc priest
    78 | D:5      | Found a staircase to the Ecumenical Temple.
    82 | D:5      | Noticed a hound
   105 | D:5      | Killed a hound
   106 | D:5      | Gained mutation: You regenerate magic rapidly. [demonic
                  | ancestry]
   106 | D:5      | Reached XP level 2. HP: 1/24 MP: 2/2
   106 | D:5      | Gained mutation: You have a pair of small horns on your
                  | head. [demonic ancestry]
   106 | D:5      | Reached XP level 3. HP: 1/29 MP: 3/3
  1052 | D:4      | Reached XP level 4. HP: 7/36 MP: 4/4
  1386 | D:4      | Reached skill level 5 in Stealth
  2552 | D:1      | Gained mutation: Your demonic aura sometimes causes spilled
                  | blood to erupt in flames. [demonic ancestry]
  2552 | D:1      | Reached XP level 5. HP: 42/42 MP: 5/5
  2724 | D:1      | Found a faded altar of an unknown god.
  4015 | D:3      | Found an ornate altar of the Wu Jian Council.
  4372 | D:3      | Learned a level 1 spell: Slow
  4404 | D:3      | Found a shadowy altar of Dithmenos.
  4542 | D:3      | Noticed Ijyb
  4839 | D:4      | Found Rakhi's Book Emporium.
  5483 | D:5      | Reached XP level 6. HP: 48/48 MP: 5/7
  5588 | D:5      | Reached skill level 1 in Spellcasting
  5588 | D:5      | Reached skill level 1 in Hexes
  5601 | D:5      | Found an ancient bone altar of Kikubaaqudgha.
  6236 | D:5      | Found a transporter.
  6308 | D:5      | HP: 2/48 [iguana (9)]
  6725 | D:5      | Identified the +4 spear "Pendulum" {venom, *Slow rElec
                  | Str+8 Stlth-}
  6766 | D:5      | Found a transporter.
  6818 | D:5      | Noticed Tiocfaidh's ghost (novice HuCj)
  7611 | D:5      | Identified a scroll of acquirement
  7611 | D:5      | Acquired a +2 war axe of flaming
  7961 | D:6      | Reached XP level 7. HP: 55/55 MP: 9/9
  7998 | D:6      | Noticed a steam dragon
  8287 | D:6      | Killed a steam dragon
  8611 | D:6      | Found a runed translucent gate.
  8611 | D:6      | Found a runed translucent gate.
  8613 | D:6      | Found an opulent altar of Gozag.
  8613 | D:6      | Found a runed translucent gate.
  8647 | D:6      | Noticed Rilik's ghost (novice TrFi)
  8647 | D:6      | Noticed a two-headed ogre
  8797 | D:6      | Found a runed translucent door.
  8799 | D:6      | Found a runed translucent door.
  8813 | D:6      | Reached XP level 8. HP: 52/61 MP: 12/12
  8822 | D:6      | Reached skill level 6 in Stealth
  9040 | D:6      | Reached skill level 5 in Fighting
  9487 | D:6      | Found a radiant altar of Vehumet.
  9671 | D:6      | Found a basalt altar of Yredelemnul.
 10003 | Temple   | Entered the Ecumenical Temple
 10230 | D:7      | Found an iron altar of Okawaru.
 10450 | D:7      | Found a hide-covered altar of Uskayaw.
 10652 | D:7      | Identified the +10 sling of the Warrior {speed, *Slow rPois
                  | rC- SInv}
 10700 | D:7      | Reached skill level 5 in Hexes
 10884 | D:7      | Gained mutation: When hurt, damage is shared between your
                  | health and your magic reserves. [demonic ancestry]
 10884 | D:7      | Reached XP level 9. HP: 68/68 MP: 15/15
 11483 | D:9      | Mangled by an orc warrior

Illustrated notes

Levels and vault maps discovered:
D:1:      sevenhm_arrival_forest_fort_small_6, layout_loops_corners,
          shapermc_ecumenical_altar_gd
D:2:      minmay_skewed_foursquare, layout_loops_ring, corner_web_ring
D:3:      cheibrodos_fertilizer, layout_basic,
          mainiacjoe_overflow_cross_hatched, mainiacjoe_overflow_alcove_4,
          uniq_ijyb
D:4:      layout_layer_cave, serial_shops, nicolae_shop_stone
D:5:      layout_loops_corners, lemuel_crystal_altar,
          minmay_temple_entry_stoned_glass, gammafunk_ghost_gnarly_gnolls,
          nicolae_fountain_basement
D:6:      lemuel_insect_pit, layout_basic, mainiacjoe_overflow_alcove_2,
          lemuel_zombie_altar_yredelemnul, ebering_ghost_gozag
D:7:      layout_cave_pools, mainiacjoe_overflow_big_doors
D:8:      layout_basic, nicolae_overflow_crystal_walls
D:9:      layout_small_grid, mainiacjoe_overflow_six_doors_small,
          trog_antimagical, marbit_many_paths
Temple:   nicolae_temple_two_arcs

Skill      XL: |  1  2  3  4  5  6  7  8 |
---------------+-------------------------+-----
Axes           | 2 3 4 |  4.6
Dodging        | 2 3 4 |  4.5
Stealth        | 5 6 |  6.6
Fighting       | 4 5 |  5.5
Spellcasting   | 1 3 4 |  4.8
Hexes          | 2 3 5 |  5.3

Action                   |  1- 3 |  4- 6 |  7- 9 || total
-------------------------+-------+-------+-------++-------
Melee: Hand axe          |    49 |   299 |   131 ||   479
       Headbutt          |     5 |    56 |    29 ||    90
       Punch             |       |     3 |     2 ||     5
       War axe           |       |    14 |    27 ||    41
       Rapier            |       |       |     1 ||     1
       Dagger            |       |       |     1 ||     1
 Fire: Sling             |       |       |    33 ||    33
Throw: Dart              |       |    14 |     8 ||    22
 Cast: Slow              |       |    15 |     8 ||    23
  Use: Scroll            |     2 |    11 |     4 ||    17
       Potion            |     1 |     4 |     5 ||    10
 Stab: Sleeping          |       |    21 |     4 ||    25
       Distracted        |       |       |     1 ||     1
Armor: Leather armour    |    11 |    87 |    84 ||   182
Dodge: Dodged            |    36 |   216 |   198 ||   450
